AoeStats
← KDA HDT

Pilgrims

509884308Analyzed
4v4 RM · 4d ago on Sep 28, 2026· 12m 42s· 8 players
Game mode
Random Map
Map size
Large (8 player)
Population
200
Speed
Normal
Resources
Standard
Victory
Conquest
Starting age
Dark Age
Ending age
Imperial Age
RankedLock teamsTeams togetherTeam positionsShared explorationLock speedFull tech treeHidden civsTurbo modeCheats
Victory
Defeat
🇺🇸 Hindustanis · United States
1789
+12
🇻🇳 Byzantines · Vietnam
1774
+13
🇻🇳 Sicilians · Vietnam
1761
+13
🇻🇳 Malians · Vietnam
1755
+14
🇺🇸 Spanish · United States
1775
-15
🇨🇭 Franks · Switzerland
1746
-15
🇨🇦 Goths · Canada
1665
-12
🇬🇧 Cumans · United Kingdom
1636
-10
Heyfai
9:54 Feudal Age
10:42 Loom
11:15 Double-Bit Axe
[BÜN] Mr. Grüezi
10:45 Loom
12:54 Feudal Age
TheJenonator
10:03 Loom
12:00 Feudal Age
Aron
3:56 Loom
5:01 Loom
KDA HDT
6:20 Loom
8:50 Feudal Age
9:20 Double-Bit Axe
NaiLiu
11:58 Feudal Age
VNS_Alibaba_
7:44 Loom
10:10 Feudal Age
11:39 Scale Mail Armor
11:50 Forging
DL-Empty
6:08 Loom
8:28 Feudal Age
12:46 Castle Age
10:51 Double-Bit Axe
Connection lost

Rejoining the realm…

Still unreachable

The connection could not be restored.

Session expired

The server has moved on; the page needs a fresh start.